WCHLSIM.com - West Coast Hockey League
html PUBLIC "-//W3C//DTD XHTML 1.0 Transitional//EN" "http://www.w3.org/TR/xhtml1/DTD/xhtml1-transitional.dtd"> WCHL - Game 316 - KELOWNA ROCKETS vs EDMONTON ICE

KELOWNA ROCKETS vs EDMONTON ICE

Created - 27 novembre 2023 at 21:25

Goals
1 2 3 T
KELOWNA ROCKETS 2 1 0 3
EDMONTON ICE 3 1 0 4
Shots
1 2 3 T
KELOWNA ROCKETS 11 7 9 27
EDMONTON ICE 7 7 14 28

1st period

1. KELOWNA ROCKETS , J.T. Compher 8 (Vladimir Tarasenko 10, Tyler Bertuzzi 8) at 1:11
2. EDMONTON ICE , Thomas Novak 4 (Evgeny Dadonov 3, Scott Laughton 12) at 5:18
3. EDMONTON ICE , Jack Eichel 10 (Gustav Nyquist 6, Alex Tuch 12) at 8:12
4. KELOWNA ROCKETS , Valeri Nichushkin 4 (Pavel Buchnevich 8, Auston Matthews 8) at 17:24
5. EDMONTON ICE , Alex Tuch 13 (Gustav Nyquist 7, Jack Eichel 16) at 17:50

Penalties :
Dmitri Orlov (KEL) for Hooking (Minor) at 2:19, Jarred Tinordi (EDM) for High sticking (Minor) at 8:23, Scott Laughton (EDM) for Tripping (Minor) at 11:33

2nd period

6. KELOWNA ROCKETS , J.T. Compher 9 (Calle Jarnkrok 4, Anthony DeAngelo 6) at 8:46 (PP)
7. EDMONTON ICE , Dawson Mercer 7 (Anthony Mantha 5, Anthony Beauvillier 6) at 18:14

Penalties :
Jarred Tinordi (EDM) for Tripping (Minor) at 6:52, Tyler Bertuzzi (KEL) for Tripping (Minor) at 12:49, Gustav Nyquist (EDM) for High sticking (Minor) at 12:58

3rd period

No Goal

Penalties :
Kyle Burroughs (KEL) for High sticking (Minor) at 2:06

Goalie Stats

Alex Stalock (KEL), 24 saves from 28 shots - (0,857), L, 7-5-1, 59:33 minutes
Vitek Vanecek (EDM), 24 saves from 27 shots - (0,889), W, 11-5-3, 60:00 minutes

Players Stats for KELOWNA ROCKETS

Player Name              G  A  P  +/- PIM S  H  SB GA TA FO     MP     PP MP  PK MP  
------------------------------------------------------------------------------------
Adam Fox                 0  0  0   0  0   1  0  0  0  0  0/0    24:29   2:59   1:41 
Anthony DeAngelo         0  1  1   1  0   1  2  0  0  0  0/0    22:18   3:02   2:26 
Auston Matthews          0  1  1   0  0   2  1  0  0  0  17/29  20:59   3:00   0:23 
Calle Jarnkrok           0  1  1  -1  0   3  1  0  0  0  2/2    14:50   2:52   0:36 
Derek Ryan               0  0  0  -1  0   1  0  0  0  0  9/12   11:31   0:09   0:00 
Dmitri Orlov             0  0  0   0  2   1  1  1  0  0  0/0    24:23   2:59   1:08 
Erik Brannstrom          0  0  0  -3  0   0  0  0  0  0  0/0    15:55   2:53   0:29 
J.T. Compher             2  0  2   1  0   7  0  0  0  0  18/29  22:41   3:01   3:11 
Kyle Burroughs           0  0  0  -3  2   0  1  4  0  0  0/0    13:33   0:00   0:49 
Lukas Sedlak             0  0  0  -2  0   0  0  0  0  0  0/0     4:25   0:00   0:00 
Mark Giordano            0  0  0   1  0   0  1  1  0  0  0/0    19:20   0:09   1:41 
Noah Gregor              0  0  0  -2  0   0  0  0  0  0  2/8     4:25   0:00   0:00 
Parker Kelly             0  0  0  -1  0   1  1  0  0  0  0/0    11:55   0:00   0:33 
Pavel Buchnevich         0  1  1   0  0   2  1  1  0  0  0/2    20:37   0:09   3:08 
Pavel Dorofeyev          0  0  0  -2  0   0  0  0  0  0  0/1     7:17   2:52   0:00 
Tyler Bertuzzi           0  1  1   1  2   1  2  0  0  0  0/3    18:41   3:00   0:00 
Valeri Nichushkin        1  0  1   0  0   3  1  1  0  0  1/1    15:51   0:00   0:00 
Vladimir Tarasenko       0  1  1   1  0   4  0  0  0  0  0/1    20:50   3:00   0:23 

Players Stats for EDMONTON ICE

Player Name              G  A  P  +/- PIM S  H  SB GA TA FO     MP     PP MP  PK MP  
------------------------------------------------------------------------------------
Alex Tuch                1  1  2   0  0   6  3  0  0  0  1/2    21:10   2:10   0:54 
Anthony Beauvillier      0  1  1   1  0   1  2  0  0  0  1/2    16:17   1:57   0:00 
Anthony Mantha           0  1  1   1  0   0  3  0  0  0  0/0    11:58   0:00   0:00 
Anton Lundell            0  0  0   0  0   0  0  0  0  0  2/3     4:03   0:00   1:50 
Austin Watson            0  0  0   0  0   0  0  0  0  0  0/0     2:32   0:00   2:10 
Dawson Mercer            1  0  1   1  0   2  2  0  0  0  5/19   15:06   1:57   0:00 
Evgeny Dadonov           0  1  1   1  0   1  1  0  0  0  0/1    16:44   0:00   0:00 
Gustav Nyquist           0  2  2   0  2   3  1  0  0  0  2/2    20:02   1:56   0:00 
Jack Eichel              1  1  2   0  0   6  1  0  0  0  13/26  20:21   2:10   0:47 
Jarred Tinordi           0  0  0   1  4   1  2  0  0  0  0/0    17:09   0:00   1:07 
Joshua Mahura            0  0  0   3  0   0  1  0  0  0  0/0    13:53   1:47   0:39 
Michael Matheson         0  0  0  -2  0   0  1  2  0  0  0/0    26:04   2:20   2:45 
Ryan Graves              0  0  0   1  0   1  0  2  0  0  0/0    22:29   1:47   3:16 
Scott Laughton           0  1  1   1  2   2  4  0  0  0  6/9    21:48   2:10   2:30 
Shea Theodore            0  0  0  -2  0   2  1  2  0  0  0/0    25:47   2:20   1:30 
Tanner Jeannot           0  0  0   0  0   1  3  0  0  0  0/1     5:22   0:00   3:51 
Thomas Novak             1  0  1   1  0   2  1  0  0  0  9/23   16:44   0:00   0:00 
Zach Whitecloud          0  0  0   3  0   0  5  0  0  0  0/0    14:36   0:00   2:45 

3 Stars

1 - J.T. Compher (KEL)
2 - Alex Tuch (EDM)
3 - Jack Eichel (EDM)

Power Play

KELOWNA ROCKETS - 1 on 4 Attempt(s) - 25,00%
EDMONTON ICE - 0 on 3 Attempt(s) - 0,00%

Penalty Kill

KELOWNA ROCKETS - 3 on 3 Attempt(s) - 100,00% - Score 0 goal in Penalty Kill
EDMONTON ICE - 3 on 4 Attempt(s) - 75,00% - Score 0 goal in Penalty Kill

Team Stat

KELOWNA ROCKETS - Hits : 12 - Faceoff Wins : 49 - Blocked Shots : 8 - Penalty Minutes : 6
EDMONTON ICE - Hits : 31 - Faceoff Wins : 39 - Blocked Shots : 6 - Penalty Minutes : 8

Official

Referees : Chris Lee and Jim Curtin
Linesman : Stephen Drain and David Brisebois

Game Notes

No Game Note

Finance

Level 1 -- Attendance: 4589 (76,48%) -- Ticket Income 963 690 $
Level 2 -- Attendance: 3615 (72,30%) -- Ticket Income 506 100 $
Level 3 -- Attendance: 1972 (98,60%) -- Ticket Income 216 920 $
Level 4 -- Attendance: 3398 (56,63%) -- Ticket Income 288 830 $
Luxury Box -- Attendance: 782 (78,20%) -- Ticket Income 293 250 $
Total Attendance: 14356 (71,78%)
Total Ticket Income: 2 268 790 $
Other Expense: 22 688 $
Total Income: 2 246 102 $

KELOWNA ROCKETS

5 vs 5 Forward 
   Center                   Left Wing                Right Wing               Time % Phy DF OF 
 1 Auston Matthews          Pavel Buchnevich         Valeri Nichushkin        36     0   2  3  
 2 J.T. Compher             Tyler Bertuzzi           Vladimir Tarasenko       36     0   2  3  
 3 Derek Ryan               Parker Kelly             Calle Jarnkrok           28     0   4  1  
 4 Noah Gregor              Lukas Sedlak             Pavel Dorofeyev          0      0   3  2  

5 vs 5 Defense 
   Defense                  Defense                                           Time % Phy DF OF 
 1 Adam Fox                 Dmitri Orlov                                      37     0   4  1  
 2 Mark Giordano            Anthony DeAngelo                                  35     0   4  1  
 3 Erik Brannstrom          Kyle Burroughs                                    28     0   4  1  
 4 Dmitri Orlov             Mark Giordano                                     0      0   3  2  

PowerPlay Forward 
   Center                   Left Wing                Right Wing               Time % Phy DF OF 
 1 Auston Matthews          Tyler Bertuzzi           Vladimir Tarasenko       60     0   0  5  
 2 J.T. Compher             Pavel Dorofeyev          Calle Jarnkrok           40     0   0  5  

PowerPlay Defense
   Defense                  Defense                                           Time % Phy DF OF 
 1 Adam Fox                 Dmitri Orlov                                      65     0   1  4  
 2 Anthony DeAngelo         Erik Brannstrom                                   35     0   1  4  

Penalty Kill 4 Players Forward 
   Center                   Wing                     Time % Phy DF OF 
 1 J.T. Compher             Pavel Buchnevich         65     0   5  0  
 2 Auston Matthews          Vladimir Tarasenko       35     0   5  0  

Penalty Kill 4 Players Defense
   Defense                  Defense                  Time % Phy DF OF 
 1 Adam Fox                 Mark Giordano            55     0   5  0  
 2 Dmitri Orlov             Anthony DeAngelo         45     0   5  0  

Penalty Kill - 3 Players Forward 
   Forward                                           Time % Phy DF OF 
 1 J.T. Compher                                      60     0   5  0  
 2 Auston Matthews                                   40     0   5  0  

Penalty Kill - 3 Players Defense
   Defense                  Defense                  Time % Phy DF OF 
 1 Adam Fox                 Mark Giordano            55     0   5  0  
 2 Dmitri Orlov             Anthony DeAngelo         45     0   5  0  

4 vs 4 Forward 
   Center                   Wing                     Time % Phy DF OF 
 1 Auston Matthews          Vladimir Tarasenko       55     0   1  4  
 2 J.T. Compher             Pavel Buchnevich         45     0   1  4  

4 vs 4 Defense
   Defense                  Defense                  Time % Phy DF OF 
 1 Adam Fox                 Dmitri Orlov             55     0   2  3  
 2 Mark Giordano            Anthony DeAngelo         45     0   2  3  

Last Minutes Offensive
   Center                   Left Wing                Right Wing               Defense                  Defense                  
   Auston Matthews          Pavel Buchnevich         Vladimir Tarasenko       Adam Fox                 Dmitri Orlov             

Last Minutes Defensive
   Center                   Left Wing                Right Wing               Defense                  Defense                  
   Auston Matthews          J.T. Compher             Pavel Buchnevich         Adam Fox                 Dmitri Orlov             

Goaltenders
Starting : Alex Stalock             
Backup : Pavel Francouz           

Extra Forwards
Normal : Auston Matthews, Pavel Buchnevich, Vladimir Tarasenko - PP : Pavel Dorofeyev, Pavel Buchnevich - PK : Calle Jarnkrok
Extra Defensemen
Normal : Anthony DeAngelo, Dmitri Orlov, Mark Giordano - PP : Mark Giordano - PK : Kyle Burroughs, Erik Brannstrom
Penalty Shots
Auston Matthews, Vladimir Tarasenko, Pavel Buchnevich, Calle Jarnkrok, Tyler Bertuzzi
Custom OT Lines Forwards
Auston Matthews, Pavel Buchnevich, J.T. Compher, Vladimir Tarasenko, Derek Ryan, Tyler Bertuzzi, Noah Gregor, Calle Jarnkrok, Lukas Sedlak, Pavel Dorofeyev
Custom OT Lines Defensemen
Adam Fox, Mark Giordano, Dmitri Orlov, Anthony DeAngelo, Kyle Burroughs

Scratches
Craig Anderson (Lacerated Right Calf Injury)

EDMONTON ICE

5 vs 5 Forward 
   Center                   Left Wing                Right Wing               Time % Phy DF OF 
 1 Jack Eichel              Gustav Nyquist           Alex Tuch                36     0   2  3  
 2 Thomas Novak             Scott Laughton           Evgeny Dadonov           33     1   2  2  
 3 Dawson Mercer            Anthony Beauvillier      Anthony Mantha           25     1   3  1  
 4 Anton Lundell            Anthony Beauvillier      Tanner Jeannot           6      0   3  2  

5 vs 5 Defense 
   Defense                  Defense                                           Time % Phy DF OF 
 1 Shea Theodore            Michael Matheson                                  37     0   2  3  
 2 Jarred Tinordi           Ryan Graves                                       32     0   3  2  
 3 Zach Whitecloud          Joshua Mahura                                     23     0   4  1  
 4 Ryan Graves              Zach Whitecloud                                   8      0   3  2  

PowerPlay Forward 
   Center                   Left Wing                Right Wing               Time % Phy DF OF 
 1 Jack Eichel              Scott Laughton           Alex Tuch                60     1   2  2  
 2 Dawson Mercer            Anthony Beauvillier      Gustav Nyquist           40     1   2  2  

PowerPlay Defense
   Defense                  Defense                                           Time % Phy DF OF 
 1 Shea Theodore            Michael Matheson                                  60     0   2  3  
 2 Ryan Graves              Joshua Mahura                                     40     0   2  3  

Penalty Kill 4 Players Forward 
   Center                   Wing                     Time % Phy DF OF 
 1 Scott Laughton           Tanner Jeannot           60     0   5  0  
 2 Anton Lundell            Austin Watson            40     0   5  0  

Penalty Kill 4 Players Defense
   Defense                  Defense                  Time % Phy DF OF 
 1 Michael Matheson         Zach Whitecloud          60     0   5  0  
 2 Jarred Tinordi           Ryan Graves              40     0   5  0  

Penalty Kill - 3 Players Forward 
   Forward                                           Time % Phy DF OF 
 1 Anton Lundell                                     55     0   4  1  
 2 Thomas Novak                                      45     0   4  1  

Penalty Kill - 3 Players Defense
   Defense                  Defense                  Time % Phy DF OF 
 1 Zach Whitecloud          Ryan Graves              55     0   5  0  
 2 Michael Matheson         Jarred Tinordi           45     0   5  0  

4 vs 4 Forward 
   Center                   Wing                     Time % Phy DF OF 
 1 Dawson Mercer            Gustav Nyquist           55     1   2  2  
 2 Thomas Novak             Evgeny Dadonov           45     1   2  2  

4 vs 4 Defense
   Defense                  Defense                  Time % Phy DF OF 
 1 Shea Theodore            Michael Matheson         55     1   2  2  
 2 Zach Whitecloud          Ryan Graves              45     1   2  2  

Last Minutes Offensive
   Center                   Left Wing                Right Wing               Defense                  Defense                  
   Jack Eichel              Scott Laughton           Alex Tuch                Shea Theodore            Michael Matheson         

Last Minutes Defensive
   Center                   Left Wing                Right Wing               Defense                  Defense                  
   Scott Laughton           Gustav Nyquist           Alex Tuch                Shea Theodore            Michael Matheson         

Goaltenders
Starting : Vitek Vanecek            
Backup : Jonathan Quick           

Extra Forwards
Normal : Dawson Mercer, Anthony Beauvillier, Anton Lundell - PP : Thomas Novak, Dawson Mercer - PK : Alex Tuch
Extra Defensemen
Normal : Shea Theodore, Michael Matheson, Ryan Graves - PP : Joshua Mahura - PK : Ryan Graves, Shea Theodore
Penalty Shots
Alex Tuch, Jack Eichel, Thomas Novak, Dawson Mercer, Gustav Nyquist
Custom OT Lines Forwards
Alex Tuch, Jack Eichel, Scott Laughton, Gustav Nyquist, Dawson Mercer, Thomas Novak, Anthony Beauvillier, Anton Lundell, Evgeny Dadonov, Anthony Mantha
Custom OT Lines Defensemen
Shea Theodore, Michael Matheson, Ryan Graves, Zach Whitecloud, Joshua Mahura

Scratches
Justin Barron (Severed Left Wrist Tendons Injury), Jonas Brodin (Strained Right Elbow Injury)

% Time on Ice - KELOWNA ROCKETS

Lines # - Real PCT - Wanted PCT - Time Play
Normal Forward
1 - 33% - 36% - 15:51
2 - 33% - 36% - 15:42
3 - 24% - 28% - 11:22
4 - 9% - 0% - 4:25
Normal Defense
1 - 38% - 37% - 18:04
2 - 34% - 35% - 16:03
3 - 27% - 28% - 12:45
4 - 1% - 0% - 0:28
PP Forward
1 - 50% - 60% - 3:00
2 - 50% - 40% - 3:01
PP Defense
1 - 50% - 65% - 2:59
2 - 50% - 35% - 3:02
PK Forward
1 - 91% - 65% - 3:44
2 - 9% - 35% - 0:23
PK Defense
1 - 41% - 55% - 1:41
2 - 59% - 45% - 2:26
PK3 Forward
1 - 0% - 60%
2 - 0% - 40%
PK3 Defense
1 - 0% - 55%
2 - 0% - 45%
44 Forward
1 - 57% - 55% - 1:03
2 - 43% - 45% - 0:47
44 Defense
1 - 57% - 55% - 1:03
2 - 43% - 45% - 0:47
Last Minute Offensive  - 0:42
Last Minute Defensive  - 0:00
Total
Forward - 60:00
Defense - 60:00

% Time on Ice - EDMONTON ICE

Lines # - Real PCT - Wanted PCT - Time Play
Normal Forward
1 - 37% - 36% - 17:24
2 - 35% - 33% - 16:27
3 - 25% - 25% - 11:58
4 - 3% - 6% - 1:31
Normal Defense
1 - 40% - 37% - 19:09
2 - 34% - 32% - 16:04
3 - 24% - 23% - 11:27
4 - 1% - 8% - 0:40
PP Forward
1 - 53% - 60% - 2:10
2 - 47% - 40% - 1:57
PP Defense
1 - 57% - 60% - 2:20
2 - 43% - 40% - 1:47
PK Forward
1 - 70% - 60% - 4:11
2 - 30% - 40% - 1:50
PK Defense
1 - 46% - 60% - 2:45
2 - 54% - 40% - 3:16
PK3 Forward
1 - 0% - 55%
2 - 0% - 45%
PK3 Defense
1 - 0% - 55%
2 - 0% - 45%
44 Forward
1 - 85% - 55% - 1:33
2 - 15% - 45% - 0:17
44 Defense
1 - 62% - 55% - 1:08
2 - 38% - 45% - 0:42
Last Minute Offensive  - 0:00
Last Minute Defensive  - 0:42
Total
Forward - 60:00
Defense - 60:00

Play-by-Play

1st period


0:01 of 1st period - Jack Eichel wins face-off versus Auston Matthews in neutral zone.
0:20 of 1st period - Auston Matthews is hit by Alex Tuch and loses puck.
1:07 of 1st period - Shot by J.T. Compher.
1:07 of 1st period - Shot Misses the Net.
1:09 of 1st period - Shot by J.T. Compher.
1:09 of 1st period - Stopped by Vitek Vanecek with a rebound.
1:11 of 1st period - Shot by J.T. Compher.
1:11 of 1st period - Goal by J.T. Compher - KELOWNA ROCKETS : 1 - EDMONTON ICE : 0.
1:12 of 1st period - Derek Ryan wins face-off versus Thomas Novak in neutral zone.
1:56 of 1st period - Off-side.
1:57 of 1st period - J.T. Compher wins face-off versus Dawson Mercer in neutral zone.
1:57 of 1st period - J.T. Compher is hit by Anthony Mantha.
2:06 of 1st period - Vladimir Tarasenko is hit by Zach Whitecloud and loses puck.
2:12 of 1st period - Icing by Anthony Beauvillier.
2:13 of 1st period - Noah Gregor wins face-off versus Dawson Mercer in EDMONTON ICE zone.
2:19 of 1st period - Minor Penalty to Dmitri Orlov for Hooking.
2:20 of 1st period - Jack Eichel wins face-off versus J.T. Compher in KELOWNA ROCKETS zone.
2:25 of 1st period - Shot by Alex Tuch.
2:25 of 1st period - Stopped by Alex Stalock without a rebound.
2:26 of 1st period - Jack Eichel wins face-off versus J.T. Compher in KELOWNA ROCKETS zone.
2:27 of 1st period - Shot by Scott Laughton.
2:27 of 1st period - Deflect By Jack Eichel.
2:27 of 1st period - Shot Misses the Net.
2:29 of 1st period - Shot by Shea Theodore.
2:29 of 1st period - Shot Misses the Net.
2:47 of 1st period - Shot by Jack Eichel.
2:47 of 1st period - Deflect By Alex Tuch.
2:47 of 1st period - Stopped by Alex Stalock without a rebound.
2:48 of 1st period - J.T. Compher wins face-off versus Dawson Mercer in KELOWNA ROCKETS zone.
3:16 of 1st period - Mark Giordano is hit by Anthony Beauvillier and loses puck.
3:59 of 1st period - Erik Brannstrom is hit by Jack Eichel and loses puck.
4:24 of 1st period - Shot by Tanner Jeannot.
4:24 of 1st period - Shot Blocked by Dmitri Orlov.
4:52 of 1st period - Shot by Derek Ryan.
4:52 of 1st period - Deflect By Calle Jarnkrok.
4:52 of 1st period - Stopped by Vitek Vanecek without a rebound.
4:53 of 1st period - Thomas Novak wins face-off versus Noah Gregor in EDMONTON ICE zone.
4:58 of 1st period - Shot by Scott Laughton.
4:58 of 1st period - Deflect By Evgeny Dadonov.
4:58 of 1st period - Shot Misses the Net.
5:18 of 1st period - Shot by Thomas Novak.
5:18 of 1st period - Goal by Thomas Novak - KELOWNA ROCKETS : 1 - EDMONTON ICE : 1.
5:19 of 1st period - Jack Eichel wins face-off versus J.T. Compher in neutral zone.
5:34 of 1st period - Shot by J.T. Compher.
5:34 of 1st period - Shot Blocked by Shea Theodore.
5:36 of 1st period - Shot by J.T. Compher.
5:36 of 1st period - Deflect By Tyler Bertuzzi.
5:36 of 1st period - Shot Misses the Net.
5:47 of 1st period - Shot by Vladimir Tarasenko.
5:47 of 1st period - Stopped by Vitek Vanecek without a rebound.
5:48 of 1st period - Thomas Novak wins face-off versus Auston Matthews in EDMONTON ICE zone.
5:48 of 1st period - Thomas Novak is hit by Pavel Buchnevich.
6:53 of 1st period - Vladimir Tarasenko is hit by Anthony Mantha and loses puck.
7:36 of 1st period - Icing by Vladimir Tarasenko.
7:37 of 1st period - Jack Eichel wins face-off versus Tyler Bertuzzi in KELOWNA ROCKETS zone.
7:37 of 1st period - Jack Eichel is hit by Mark Giordano.
7:47 of 1st period - Zach Whitecloud is hit by Tyler Bertuzzi and loses puck.
8:00 of 1st period - Shot by Alex Tuch.
8:00 of 1st period - Deflect By Jack Eichel.
8:00 of 1st period - Stopped by Alex Stalock with a rebound.
8:02 of 1st period - Shot by Alex Tuch.
8:02 of 1st period - Stopped by Alex Stalock with a rebound.
8:06 of 1st period - Shot by Alex Tuch.
8:06 of 1st period - Shot Misses the Net.
8:12 of 1st period - Shot by Jack Eichel.
8:12 of 1st period - Goal by Jack Eichel - KELOWNA ROCKETS : 1 - EDMONTON ICE : 2.
8:13 of 1st period - Auston Matthews wins face-off versus Evgeny Dadonov in neutral zone.
8:20 of 1st period - Shot by Auston Matthews.
8:20 of 1st period - Stopped by Vitek Vanecek without a rebound.
8:21 of 1st period - Auston Matthews wins face-off versus Thomas Novak in EDMONTON ICE zone.
8:23 of 1st period - Minor Penalty to Jarred Tinordi for High sticking.
8:24 of 1st period - J.T. Compher wins face-off versus Scott Laughton in EDMONTON ICE zone.
8:29 of 1st period - Shot by Adam Fox.
8:29 of 1st period - Stopped by Vitek Vanecek without a rebound.
8:30 of 1st period - Scott Laughton wins face-off versus Vladimir Tarasenko in EDMONTON ICE zone.
9:04 of 1st period - Icing by Adam Fox.
9:05 of 1st period - Auston Matthews wins face-off versus Scott Laughton in KELOWNA ROCKETS zone.
9:10 of 1st period - Auston Matthews is hit by Tanner Jeannot and loses puck.
9:14 of 1st period - Adam Fox is hit by Tanner Jeannot and loses puck.
9:18 of 1st period - Auston Matthews is hit by Zach Whitecloud and loses puck.
9:52 of 1st period - Icing by J.T. Compher.
9:53 of 1st period - Anton Lundell wins face-off versus J.T. Compher in KELOWNA ROCKETS zone.
10:03 of 1st period - Icing by J.T. Compher.
10:04 of 1st period - Scott Laughton wins face-off versus J.T. Compher in KELOWNA ROCKETS zone.
10:11 of 1st period - Tanner Jeannot is hit by Calle Jarnkrok and loses puck.
10:28 of 1st period - Shot by Auston Matthews.
10:28 of 1st period - Shot Misses the Net.
10:33 of 1st period - Off-side.
10:34 of 1st period - Auston Matthews wins face-off versus Dawson Mercer in neutral zone.
10:48 of 1st period - Adam Fox is hit by Dawson Mercer and loses puck.
11:09 of 1st period - Auston Matthews is hit by Dawson Mercer and loses puck.
11:33 of 1st period - Minor Penalty to Scott Laughton for Tripping.
11:34 of 1st period - Alex Tuch wins face-off versus J.T. Compher in EDMONTON ICE zone.
13:44 of 1st period - Icing by Shea Theodore.
13:45 of 1st period - Derek Ryan wins face-off versus Dawson Mercer in EDMONTON ICE zone.
13:45 of 1st period - Kyle Burroughs is hit by Joshua Mahura and loses puck.
14:24 of 1st period - Shot by Anthony Mantha.
14:24 of 1st period - Deflect By Anthony Beauvillier.
14:24 of 1st period - Shot Blocked by Kyle Burroughs.
14:50 of 1st period - J.T. Compher is hit by Jarred Tinordi and loses puck.
15:07 of 1st period - Shot by Tyler Bertuzzi.
15:07 of 1st period - Deflect By J.T. Compher.
15:07 of 1st period - Shot Misses the Net.
15:25 of 1st period - Shot by Vladimir Tarasenko.
15:25 of 1st period - Shot Misses the Net.
15:30 of 1st period - Icing by Ryan Graves.
15:31 of 1st period - Thomas Novak wins face-off versus Auston Matthews in EDMONTON ICE zone.
15:49 of 1st period - Off-side.
15:50 of 1st period - Jack Eichel wins face-off versus Pavel Dorofeyev in neutral zone.
16:34 of 1st period - Icing by Dmitri Orlov.
16:35 of 1st period - Dawson Mercer wins face-off versus Noah Gregor in KELOWNA ROCKETS zone.
16:39 of 1st period - Icing by Dmitri Orlov.
16:40 of 1st period - Noah Gregor wins face-off versus Dawson Mercer in KELOWNA ROCKETS zone.
16:40 of 1st period - Noah Gregor is hit by Anthony Mantha.
17:14 of 1st period - Shot by J.T. Compher.
17:14 of 1st period - Stopped by Vitek Vanecek without a rebound.
17:15 of 1st period - Auston Matthews wins face-off versus Jack Eichel in EDMONTON ICE zone.
17:24 of 1st period - Shot by Pavel Buchnevich.
17:24 of 1st period - Deflect By Valeri Nichushkin.
17:24 of 1st period - Goal by Valeri Nichushkin - KELOWNA ROCKETS : 2 - EDMONTON ICE : 2.
17:25 of 1st period - J.T. Compher wins face-off versus Jack Eichel in neutral zone.
17:35 of 1st period - Icing by Jarred Tinordi.
17:36 of 1st period - Jack Eichel wins face-off versus Pavel Buchnevich in EDMONTON ICE zone.
17:36 of 1st period - Jack Eichel is hit by Valeri Nichushkin.
17:44 of 1st period - Shot by Alex Tuch.
17:44 of 1st period - Shot Blocked by Kyle Burroughs.
17:46 of 1st period - Shot by Alex Tuch.
17:46 of 1st period - Shot Misses the Net.
17:48 of 1st period - Shot by Alex Tuch.
17:48 of 1st period - Deflect By Gustav Nyquist.
17:48 of 1st period - Shot Misses the Net.
17:50 of 1st period - Shot by Alex Tuch.
17:50 of 1st period - Goal by Alex Tuch - KELOWNA ROCKETS : 2 - EDMONTON ICE : 3.
17:51 of 1st period - J.T. Compher wins face-off versus Thomas Novak in neutral zone.
18:02 of 1st period - Shot by J.T. Compher.
18:02 of 1st period - Stopped by Vitek Vanecek without a rebound.
18:03 of 1st period - Auston Matthews wins face-off versus Jack Eichel in EDMONTON ICE zone.
18:13 of 1st period - Icing by Jack Eichel.
18:14 of 1st period - J.T. Compher wins face-off versus Alex Tuch in EDMONTON ICE zone.
18:14 of 1st period - J.T. Compher is hit by Jarred Tinordi.
18:18 of 1st period - Shot by Vladimir Tarasenko.
18:18 of 1st period - Stopped by Vitek Vanecek without a rebound.
18:19 of 1st period - J.T. Compher wins face-off versus Thomas Novak in EDMONTON ICE zone.
19:35 of 1st period - Shot by Pavel Buchnevich.
19:35 of 1st period - Shot Blocked by Michael Matheson.
19:53 of 1st period - Shot by Pavel Buchnevich.
19:53 of 1st period - Stopped by Vitek Vanecek without a rebound.
19:54 of 1st period - Jack Eichel wins face-off versus Derek Ryan in EDMONTON ICE zone.
Goals for this period are 2 for KELOWNA ROCKETS vs 3 for EDMONTON ICE.
Shots for this period are 11 for KELOWNA ROCKETS vs 7 for EDMONTON ICE.

2nd period


0:01 of 2nd period - Calle Jarnkrok wins face-off versus Jack Eichel in neutral zone.
0:04 of 2nd period - Jack Eichel is hit by Parker Kelly and loses puck.
0:29 of 2nd period - Icing by Anthony DeAngelo.
0:30 of 2nd period - Derek Ryan wins face-off versus Thomas Novak in KELOWNA ROCKETS zone.
0:47 of 2nd period - Off-side.
0:48 of 2nd period - J.T. Compher wins face-off versus Jack Eichel in neutral zone.
2:02 of 2nd period - Adam Fox is hit by Scott Laughton.
2:13 of 2nd period - Icing by Adam Fox.
2:14 of 2nd period - Anthony Beauvillier wins face-off versus J.T. Compher in KELOWNA ROCKETS zone.
2:22 of 2nd period - Vladimir Tarasenko is hit by Anthony Beauvillier and loses puck.
2:36 of 2nd period - Auston Matthews is hit by Zach Whitecloud and loses puck.
3:35 of 2nd period - Shot by Alex Tuch.
3:35 of 2nd period - Shot Blocked by Mark Giordano.
4:32 of 2nd period - Calle Jarnkrok is hit by Michael Matheson.
4:38 of 2nd period - Shot by Calle Jarnkrok.
4:38 of 2nd period - Stopped by Vitek Vanecek without a rebound.
4:39 of 2nd period - Anton Lundell wins face-off versus Noah Gregor in EDMONTON ICE zone.
4:48 of 2nd period - Shot by Shea Theodore.
4:48 of 2nd period - Stopped by Alex Stalock without a rebound.
4:49 of 2nd period - J.T. Compher wins face-off versus Thomas Novak in KELOWNA ROCKETS zone.
6:23 of 2nd period - Icing by Dmitri Orlov.
6:24 of 2nd period - Derek Ryan wins face-off versus Jack Eichel in KELOWNA ROCKETS zone.
6:43 of 2nd period - Shot by Alex Tuch.
6:43 of 2nd period - Stopped by Alex Stalock without a rebound.
6:44 of 2nd period - Auston Matthews wins face-off versus Dawson Mercer in KELOWNA ROCKETS zone.
6:52 of 2nd period - Minor Penalty to Jarred Tinordi for Tripping.
6:53 of 2nd period - Scott Laughton wins face-off versus Tyler Bertuzzi in EDMONTON ICE zone.
7:08 of 2nd period - Shot by Tanner Jeannot.
7:08 of 2nd period - Stopped by Alex Stalock without a rebound.
7:09 of 2nd period - Auston Matthews wins face-off versus Anton Lundell in KELOWNA ROCKETS zone.
7:34 of 2nd period - Icing by Adam Fox.
7:35 of 2nd period - Scott Laughton wins face-off versus Auston Matthews in KELOWNA ROCKETS zone.
7:54 of 2nd period - Shot by Auston Matthews.
7:54 of 2nd period - Shot Hit the Post.
7:56 of 2nd period - Shot by Dmitri Orlov.
7:56 of 2nd period - Shot Misses the Net.
7:58 of 2nd period - Shot by Adam Fox.
7:58 of 2nd period - Shot Blocked by Michael Matheson.
8:42 of 2nd period - Shot by Anthony DeAngelo.
8:42 of 2nd period - Shot Blocked by Ryan Graves.
8:44 of 2nd period - Shot by Calle Jarnkrok.
8:44 of 2nd period - Shot Misses the Net.
8:46 of 2nd period - Shot by J.T. Compher.
8:46 of 2nd period - Goal by J.T. Compher - KELOWNA ROCKETS : 3 - EDMONTON ICE : 3.
8:47 of 2nd period - Jack Eichel wins face-off versus Auston Matthews in neutral zone.
8:50 of 2nd period - Valeri Nichushkin is hit by Gustav Nyquist and loses puck.
9:03 of 2nd period - Shot by Gustav Nyquist.
9:03 of 2nd period - Stopped by Alex Stalock without a rebound.
9:04 of 2nd period - J.T. Compher wins face-off versus Dawson Mercer in KELOWNA ROCKETS zone.
10:49 of 2nd period - Kyle Burroughs is hit by Thomas Novak and loses puck.
10:58 of 2nd period - Shot by Scott Laughton.
10:58 of 2nd period - Shot Blocked by Kyle Burroughs.
11:00 of 2nd period - Shot by Thomas Novak.
11:00 of 2nd period - Stopped by Alex Stalock without a rebound.
11:01 of 2nd period - Derek Ryan wins face-off versus Tanner Jeannot in KELOWNA ROCKETS zone.
11:01 of 2nd period - Derek Ryan is hit by Tanner Jeannot.
11:58 of 2nd period - Icing by Zach Whitecloud.
11:59 of 2nd period - Auston Matthews wins face-off versus Thomas Novak in EDMONTON ICE zone.
12:09 of 2nd period - Auston Matthews is hit by Zach Whitecloud and loses puck.
12:49 of 2nd period - Minor Penalty to Tyler Bertuzzi for Tripping.
12:50 of 2nd period - J.T. Compher wins face-off versus Dawson Mercer in KELOWNA ROCKETS zone.
12:58 of 2nd period - Minor Penalty to Gustav Nyquist for High sticking.
12:59 of 2nd period - Auston Matthews wins face-off versus Dawson Mercer in EDMONTON ICE zone.
14:11 of 2nd period - Icing by Mark Giordano.
14:12 of 2nd period - Dawson Mercer wins face-off versus J.T. Compher in KELOWNA ROCKETS zone.
14:31 of 2nd period - Shot by J.T. Compher.
14:31 of 2nd period - Stopped by Vitek Vanecek without a rebound.
14:32 of 2nd period - J.T. Compher wins face-off versus Thomas Novak in EDMONTON ICE zone.
14:35 of 2nd period - Shot by J.T. Compher.
14:35 of 2nd period - Stopped by Vitek Vanecek without a rebound.
14:36 of 2nd period - Thomas Novak wins face-off versus J.T. Compher in EDMONTON ICE zone.
15:35 of 2nd period - Shot by Gustav Nyquist.
15:35 of 2nd period - Shot Misses the Net.
16:09 of 2nd period - Shot by Vladimir Tarasenko.
16:09 of 2nd period - Stopped by Vitek Vanecek without a rebound.
16:10 of 2nd period - Auston Matthews wins face-off versus Thomas Novak in EDMONTON ICE zone.
17:37 of 2nd period - Shot by Jack Eichel.
17:37 of 2nd period - Shot Misses the Net.
17:39 of 2nd period - Shot by Jack Eichel.
17:39 of 2nd period - Stopped by Alex Stalock without a rebound.
17:40 of 2nd period - Dawson Mercer wins face-off versus Noah Gregor in KELOWNA ROCKETS zone.
18:10 of 2nd period - Shot by Anthony Mantha.
18:10 of 2nd period - Shot Blocked by Kyle Burroughs.
18:12 of 2nd period - Shot by Dawson Mercer.
18:12 of 2nd period - Shot Misses the Net.
18:14 of 2nd period - Shot by Dawson Mercer.
18:14 of 2nd period - Goal by Dawson Mercer - KELOWNA ROCKETS : 3 - EDMONTON ICE : 4.
18:15 of 2nd period - Jack Eichel wins face-off versus Auston Matthews in neutral zone.
18:18 of 2nd period - Dmitri Orlov is hit by Alex Tuch and loses puck.
19:13 of 2nd period - Icing by Alex Tuch.
19:14 of 2nd period - Gustav Nyquist wins face-off versus J.T. Compher in EDMONTON ICE zone.
19:41 of 2nd period - Shot by Tyler Bertuzzi.
19:41 of 2nd period - Stopped by Vitek Vanecek with a rebound.
19:43 of 2nd period - Shot by Anthony DeAngelo.
19:43 of 2nd period - Stopped by Vitek Vanecek with a rebound.
Goals for this period are 1 for KELOWNA ROCKETS vs 1 for EDMONTON ICE.
Shots for this period are 7 for KELOWNA ROCKETS vs 7 for EDMONTON ICE.

3rd period


0:01 of 3rd period - J.T. Compher wins face-off versus Jack Eichel in neutral zone.
0:04 of 3rd period - Alex Tuch is hit by Tyler Bertuzzi and loses puck.
0:25 of 3rd period - Shot by Jack Eichel.
0:25 of 3rd period - Shot Misses the Net.
0:33 of 3rd period - Gustav Nyquist is hit by Dmitri Orlov and loses puck.
0:36 of 3rd period - Shot by Gustav Nyquist.
0:36 of 3rd period - Shot Misses the Net.
0:40 of 3rd period - Shot by Jack Eichel.
0:40 of 3rd period - Stopped by Alex Stalock without a rebound.
0:41 of 3rd period - Valeri Nichushkin wins face-off versus Anthony Beauvillier in KELOWNA ROCKETS zone.
0:46 of 3rd period - Shot by Anthony Beauvillier.
0:46 of 3rd period - Stopped by Alex Stalock without a rebound.
0:47 of 3rd period - Auston Matthews wins face-off versus Dawson Mercer in KELOWNA ROCKETS zone.
0:49 of 3rd period - Icing by Valeri Nichushkin.
0:50 of 3rd period - Dawson Mercer wins face-off versus Pavel Buchnevich in KELOWNA ROCKETS zone.
1:15 of 3rd period - Shea Theodore is hit by Auston Matthews and loses puck.
2:05 of 3rd period - Off-side.
2:06 of 3rd period - Thomas Novak wins face-off versus J.T. Compher in neutral zone.
2:06 of 3rd period - Minor Penalty to Kyle Burroughs for High sticking.
2:07 of 3rd period - J.T. Compher wins face-off versus Jack Eichel in KELOWNA ROCKETS zone.
2:15 of 3rd period - Icing by Jack Eichel.
2:16 of 3rd period - J.T. Compher wins face-off versus Jack Eichel in EDMONTON ICE zone.
3:21 of 3rd period - Shot by Shea Theodore.
3:21 of 3rd period - Shot Misses the Net.
3:54 of 3rd period - Icing by Dawson Mercer.
3:55 of 3rd period - J.T. Compher wins face-off versus Dawson Mercer in EDMONTON ICE zone.
4:12 of 3rd period - Off-side.
4:13 of 3rd period - Thomas Novak wins face-off versus Noah Gregor in neutral zone.
4:18 of 3rd period - Shot by Scott Laughton.
4:18 of 3rd period - Stopped by Alex Stalock without a rebound.
4:19 of 3rd period - Derek Ryan wins face-off versus Thomas Novak in KELOWNA ROCKETS zone.
4:19 of 3rd period - Derek Ryan is hit by Scott Laughton.
4:24 of 3rd period - Derek Ryan is hit by Zach Whitecloud and loses puck.
4:31 of 3rd period - Shot by Calle Jarnkrok.
4:31 of 3rd period - Stopped by Vitek Vanecek without a rebound.
4:32 of 3rd period - Jack Eichel wins face-off versus Tyler Bertuzzi in EDMONTON ICE zone.
4:39 of 3rd period - Shot by J.T. Compher.
4:39 of 3rd period - Shot Misses the Net.
6:05 of 3rd period - Shot by Auston Matthews.
6:05 of 3rd period - Stopped by Vitek Vanecek without a rebound.
6:06 of 3rd period - Dawson Mercer wins face-off versus Auston Matthews in EDMONTON ICE zone.
6:16 of 3rd period - Off-side.
6:17 of 3rd period - Calle Jarnkrok wins face-off versus Jack Eichel in neutral zone.
6:22 of 3rd period - Shot by Parker Kelly.
6:22 of 3rd period - Stopped by Vitek Vanecek without a rebound.
6:23 of 3rd period - Derek Ryan wins face-off versus Jack Eichel in EDMONTON ICE zone.
6:32 of 3rd period - Shot by Alex Tuch.
6:32 of 3rd period - Stopped by Alex Stalock with a rebound.
6:34 of 3rd period - Shot by Ryan Graves.
6:34 of 3rd period - Stopped by Alex Stalock without a rebound.
6:35 of 3rd period - Auston Matthews wins face-off versus Thomas Novak in KELOWNA ROCKETS zone.
6:35 of 3rd period - Valeri Nichushkin is hit by Scott Laughton and loses puck.
6:45 of 3rd period - Pavel Buchnevich is hit by Evgeny Dadonov.
6:49 of 3rd period - Scott Laughton is hit by Kyle Burroughs.
7:06 of 3rd period - Pavel Buchnevich is hit by Shea Theodore and loses puck.
7:31 of 3rd period - Shot by Jack Eichel.
7:31 of 3rd period - Shot Misses the Net.
7:33 of 3rd period - Shot by Jarred Tinordi.
7:33 of 3rd period - Stopped by Alex Stalock with a rebound.
7:35 of 3rd period - Shot by Jack Eichel.
7:35 of 3rd period - Stopped by Alex Stalock without a rebound.
7:36 of 3rd period - Jack Eichel wins face-off versus Derek Ryan in KELOWNA ROCKETS zone.
8:14 of 3rd period - Shot by Derek Ryan.
8:14 of 3rd period - Stopped by Vitek Vanecek with a rebound.
8:48 of 3rd period - Shot by Tyler Bertuzzi.
8:48 of 3rd period - Shot Blocked by Ryan Graves.
9:20 of 3rd period - Shot by Valeri Nichushkin.
9:20 of 3rd period - Stopped by Vitek Vanecek without a rebound.
9:21 of 3rd period - Thomas Novak wins face-off versus Auston Matthews in EDMONTON ICE zone.
9:26 of 3rd period - Shot by Scott Laughton.
9:26 of 3rd period - Stopped by Alex Stalock without a rebound.
9:27 of 3rd period - Auston Matthews wins face-off versus Thomas Novak in KELOWNA ROCKETS zone.
9:53 of 3rd period - Thomas Novak is hit by Anthony DeAngelo and loses puck.
10:20 of 3rd period - Valeri Nichushkin is hit by Scott Laughton.
10:23 of 3rd period - Icing by Auston Matthews.
10:24 of 3rd period - Gustav Nyquist wins face-off versus Auston Matthews in KELOWNA ROCKETS zone.
10:46 of 3rd period - Gustav Nyquist is hit by Anthony DeAngelo.
10:52 of 3rd period - Shot by Jack Eichel.
10:52 of 3rd period - Stopped by Alex Stalock without a rebound.
10:53 of 3rd period - Derek Ryan wins face-off versus Dawson Mercer in KELOWNA ROCKETS zone.
11:54 of 3rd period - Shot by Vladimir Tarasenko.
11:54 of 3rd period - Shot Misses the Net.
12:45 of 3rd period - Shot by Alex Tuch.
12:45 of 3rd period - Deflect By Gustav Nyquist.
12:45 of 3rd period - Stopped by Alex Stalock without a rebound.
12:46 of 3rd period - Thomas Novak wins face-off versus Auston Matthews in KELOWNA ROCKETS zone.
12:57 of 3rd period - Shot by Valeri Nichushkin.
12:57 of 3rd period - Stopped by Vitek Vanecek with a rebound.
12:59 of 3rd period - Shot by Auston Matthews.
12:59 of 3rd period - Shot Blocked by Shea Theodore.
13:01 of 3rd period - Shot by Valeri Nichushkin.
13:01 of 3rd period - Shot Misses the Net.
13:17 of 3rd period - Shot by Pavel Buchnevich.
13:17 of 3rd period - Stopped by Vitek Vanecek without a rebound.
13:18 of 3rd period - Jack Eichel wins face-off versus Derek Ryan in EDMONTON ICE zone.
15:27 of 3rd period - Icing by Shea Theodore.
15:28 of 3rd period - Auston Matthews wins face-off versus Thomas Novak in EDMONTON ICE zone.
15:50 of 3rd period - Icing by Shea Theodore.
15:51 of 3rd period - Thomas Novak wins face-off versus Noah Gregor in EDMONTON ICE zone.
16:50 of 3rd period - Dmitri Orlov is hit by Alex Tuch and loses puck.
17:03 of 3rd period - Shot by Gustav Nyquist.
17:03 of 3rd period - Stopped by Alex Stalock without a rebound.
17:04 of 3rd period - J.T. Compher wins face-off versus Jack Eichel in KELOWNA ROCKETS zone.
17:09 of 3rd period - Shot by J.T. Compher.
17:09 of 3rd period - Shot Misses the Net.
17:12 of 3rd period - Icing by Alex Tuch.
17:13 of 3rd period - Derek Ryan wins face-off versus Jack Eichel in EDMONTON ICE zone.
18:15 of 3rd period - Shot by Vladimir Tarasenko.
18:15 of 3rd period - Stopped by Vitek Vanecek without a rebound.
18:16 of 3rd period - Auston Matthews wins face-off versus Dawson Mercer in EDMONTON ICE zone.
18:47 of 3rd period - Shot by Dawson Mercer.
18:47 of 3rd period - Deflect By Anthony Beauvillier.
18:47 of 3rd period - Shot Blocked by Pavel Buchnevich.
18:49 of 3rd period - Shot by Shea Theodore.
18:49 of 3rd period - Stopped by Alex Stalock with a rebound.
18:51 of 3rd period - Shot by Dawson Mercer.
18:51 of 3rd period - Shot Blocked by Valeri Nichushkin.
18:53 of 3rd period - Shot by Dawson Mercer.
18:53 of 3rd period - Stopped by Alex Stalock without a rebound.
18:54 of 3rd period - J.T. Compher wins face-off versus Thomas Novak in KELOWNA ROCKETS zone.
19:15 of 3rd period - Shot by Evgeny Dadonov.
19:15 of 3rd period - Shot Misses the Net.
19:17 of 3rd period - Shot by Evgeny Dadonov.
19:17 of 3rd period - Stopped by Alex Stalock without a rebound.
19:18 of 3rd period - Scott Laughton wins face-off versus Auston Matthews in KELOWNA ROCKETS zone.
19:24 of 3rd period - Icing by Dmitri Orlov.
19:25 of 3rd period - Scott Laughton wins face-off versus Auston Matthews in KELOWNA ROCKETS zone.
19:33 of 3rd period - KELOWNA ROCKETS, Alex Stalock is pulled from the net.
19:41 of 3rd period - Shot by Dmitri Orlov.
19:41 of 3rd period - Stopped by Vitek Vanecek without a rebound.
19:42 of 3rd period - Auston Matthews wins face-off versus Scott Laughton in EDMONTON ICE zone.
19:43 of 3rd period - Shot by Vladimir Tarasenko.
19:43 of 3rd period - Shot Misses the Net.
19:49 of 3rd period - Shot by Alex Tuch.
19:49 of 3rd period - Shot Misses the Net.
Goals for this period are 0 for KELOWNA ROCKETS vs 0 for EDMONTON ICE.
Shots for this period are 9 for KELOWNA ROCKETS vs 14 for EDMONTON ICE.


BLAKE
WHEELER
STEVEN
STAMKOS
DREW
DOUGHTY

EAST COAST

HOCKEY LEAGUE

  • 63.RHI2PIT5
  • 64.WOR4ATL3
  • 65.QUECHW
  • 66.CHATRV